 Dungeon Crawl Stone Soup version 0.14-a0-3350-g14ab857 (webtiles) character file.

2897 KaKa the Slicer (level 9, -3/76 HPs)
             Began as a Kobold Berserker on Mar 18, 2014.
             Was an Elder of Trog.
             Slain by HOllOWCh4rg3's ghost (6 damage)
             ... while paralysed by a giant eyeball
             ... on Level 7 of the Dungeon.
             The game lasted 00:46:09 (6407 turns).

KaKa the Slicer (Kobold Berserker)                  Turns: 6407, Time: 00:46:09

HP  -3/76        AC 11     Str 23      XL: 9   Next: 74%
MP   9/9         EV  3     Int  8      God: Trog [****..]
Gold 500         SH  0     Dex 19      Spells:  0 memorised,  8 levels left

rFire  . . .     SeeInvis .     s - +0,+3 dagger (speed) (curse)
rCold  . . .     Clarity  .     l - +1 leather armour {rPois} (curse)
rNeg   . . .     Conserve .     (no shield)
rPois  +         rCorr    .     k - +2 hat
rElec  .         rRot     .     t - +2 cloak {MR+}
SustAb . .       Spirit   .     (no gloves)
rMut   .         Warding  .     g - +1 pair of boots "Mnaqyuck" {Str+2 Dex+4}
Saprov + + .     Stasis   .     (no amulet)
MR     +++..                    (no ring)
                                (no ring)

@: paralysed, regenerating, berserking, extremely resistant to hostile
enchantments, extremely unstealthy
A: disease resistance, carnivore 3, saprovore 2
a: Burn Spellbooks, Berserk, Trog's Hand, Brothers in Arms, Renounce Religion


You were on level 7 of the Dungeon.
You worshipped Trog.
Trog was greatly pleased with you.
You were very full.

You visited 2 branches of the dungeon, and saw 8 of its levels.
You also visited: Ossuary.

You collected 500 gold pieces.

Inventory:

Hand weapons
 a - a cursed +1,+1 short sword
 b - a cursed +0 blowgun
 i - a +1,+2 dagger of venom
 s - a cursed +0,+3 dagger of speed (weapon)
Missiles
 m - 4 needles of slowing
 y - 7 darts of flame
 B - 3 curare-tipped needles
 I - 7 tomahawks (quivered)
Armour
 g - the +1 pair of boots "Mnaqyuck" (worn) {Str+2 Dex+4}
   (You found it on level 5 of the Dungeon)

   It affects your strength (+2).
   It affects your dexterity (+4).
 j - a +1 robe
 k - a +2 hat (worn)
 l - a cursed +1 leather armour of poison resistance (worn)
 p - a cursed +0 pair of boots
 t - a +2 cloak of magic resistance (worn)
Magical devices
 d - a wand of paralysis (8)
 v - a wand of enslavement (12)
 C - a wand of slowing (8)
Comestibles
 c - 2 meat rations
 z - 2 honeycombs
Scrolls
 e - 4 scrolls of identify
 h - a scroll of noise {unknown}
 n - 2 scrolls of fog
 r - a scroll of blinking
 u - 2 scrolls of enchant armour
 D - 3 scrolls of teleportation
 J - a scroll of fear {unknown}
 K - a scroll of magic mapping
Potions
 f - 4 potions of curing
 o - 3 potions of restore abilities {unknown}
 q - a potion of berserk rage
 w - a potion of flight
 x - a potion of degeneration {unknown}
 A - 2 potions of might
 E - 3 potions of heal wounds
 F - a potion of haste
 G - 3 potions of resistance {unknown}
 H - 2 potions of poison {unknown}


   Skills:
 - Level 3.2 Fighting
 * Level 11.7 Short Blades
 + Level 1.8 Armour
 + Level 7.6 Dodging
 + Level 9.0 Stealth


You had 8 spell levels left.
You didn't know any spells.

Dungeon Overview and Level Annotations

Branches:
Dungeon (7/15)             Temple (1/1) D:5

Altars:
Elyvilon
Makhleb
Nemelex Xobeh
Sif Muna
Vehumet
Xom
Yredelemnul

Annotations:
D:5 exclusion: statue
D:7 HOllOWCh4rg3's ghost, experienced HuMo


Innate Abilities, Weirdness & Mutations

You recuperate from illness quickly.
You are small and have problems with some larger weapons.
You are carnivorous and can eat meat at any time.
You can eat rotten meat.


Message History

You barely miss HOllOWCh4rg3's ghost.
HOllOWCh4rg3's ghost is lightly damaged.
You slash the hound!
The hound is heavily wounded.
Your ogre hits HOllOWCh4rg3's ghost with a giant spiked club!
The hound misses you. The giant eyeball stares at you.
You suddenly lose the ability to move!
HOllOWCh4rg3's ghost hits you!
* * * LOW HITPOINT WARNING * * *
The giant mite bites you but does no damage.
The hound bites you but does no damage.
Your ogre misses HOllOWCh4rg3's ghost. HOllOWCh4rg3's ghost hits you!
* * * LOW HITPOINT WARNING * * *
The hound bites you.
* * * LOW HITPOINT WARNING * * *
The giant mite bites you but does no damage.
Your ogre closely misses HOllOWCh4rg3's ghost.
The hound bites you.
* * * LOW HITPOINT WARNING * * *
HOllOWCh4rg3's ghost hits you.
You die...

#.. #...##
#####...(..
............
#............
#.........G.####
#........O.....##
#......>sph.....#
#........@......#
#...............#
#.............>##
#..............#
#......≈≈≈≈≈≈...#
#......≈≈≈≈≈≈...
#......≈≈8_≈≈..
#......≈≈>.≈≈.
#......≈≈≈≈≈≈


You could see a hound, a giant eyeball, HOllOWCh4rg3's ghost, a giant mite and a
friendly ogre (berserk).

Vanquished Creatures
  The ghost of Zuul the Grave Robber, an experienced DsNe of Sif Muna (D:6)
  Grinder (D:3)
  Menkaure (D:7)
  An ice beast (D:5)
  A black bear (D:4)
  A phantom (D:4)
  2 ogres
  The ghost of HollowCharge the Chiller, an average HEIE (D:4)
  A gnoll sergeant (D:6)
  4 killer bees (D:4)
  3 crimson imps
  A jelly (D:5)
  5 worker ants
  Crazy Yiuf (D:2)
  A centaur zombie (D:7)
  A giant frog skeleton (D:5)
  2 iguanas (D:5)
  2 orc wizards
  A killer bee zombie (D:6)
  An ogre skeleton (D:6)
  11 mummies
  7 adders
  6 gnolls (D:6)
  4 worms
  A giant mite (D:4)
  An adder zombie (D:7)
  4 giant geckos
  An ooze (D:3)
  7 orcs
  A ball python (D:3)
  6 giant cockroaches
  16 goblins
  12 hobgoblins
  10 jackals
  20 kobolds
  4 quokkas
  14 bats
  6 giant newts
  2 hobgoblin zombies (Ossuary)
  3 kobold zombies (Ossuary)
  3 orc zombies (Ossuary)
  12 rats
183 creatures vanquished.

Vanquished Creatures (collateral kills)
  A crimson imp (D:6)
  A hound (D:7)
  An orc priest (D:6)
  3 orcs (D:6)
6 creatures vanquished.

Grand Total: 189 creatures vanquished

Notes
Turn   | Place    | Note
--------------------------------------------------------------
     0 | D:1      | KaKa, the Kobold Berserker, began the quest for the Orb.
     0 | D:1      | Reached XP level 1. HP: 14/14 MP: 1/1
     0 | D:1      | Noticed an iron imp
     5 | D:1      | Noticed Gropuyh the pandemonium lord
     5 | D:1      | Noticed an iron imp
     7 | D:1      | Noticed an Executioner
    10 | D:1      | Noticed a blue devil
   401 | D:1      | Reached XP level 2. HP: 12/19 MP: 2/2
   411 | D:1      | Reached skill level 1 in Stealth
   691 | D:1      | Reached XP level 3. HP: 20/23 MP: 3/3
   877 | D:1      | Acquired Trog's second power
  1073 | D:1      | Noticed a chaos spawn
  1076 | D:1      | Noticed a hell beast
  1365 | D:2      | Noticed Crazy Yiuf
  1377 | D:2      | Killed Crazy Yiuf
  1377 | D:2      | Reached skill level 5 in Short Blades
  1377 | D:2      | Reached XP level 4. HP: 13/28 MP: 4/4
  1726 | D:2      | Found a deep blue altar of Sif Muna.
  1726 | D:2      | Found a basalt altar of Yredelemnul.
  2356 | D:3      | Reached XP level 5. HP: 14/32 MP: 5/5
  2564 | D:3      | Noticed Grinder
  2627 | D:3      | Killed Grinder
  2627 | D:3      | Reached skill level 7 in Short Blades
  2627 | D:3      | Reached XP level 6. HP: 24/37 MP: 6/6
  2779 | D:3      | Reached XP level 7. HP: 41/41 MP: 7/7
  3089 | D:3      | Found a shimmering altar of Xom.
  3157 | D:4      | Noticed HollowCharge's ghost (average HEIE)
  3184 | D:4      | Killed HollowCharge's ghost
  3184 | D:4      | Reached skill level 5 in Stealth
  3329 | D:4      | Reached skill level 8 in Short Blades
  3359 | D:4      | Reached skill level 5 in Dodging
  3409 | D:4      | Reached XP level 8. HP: 19/46 MP: 8/8
  3416 | D:4      | HP: 1/46 [poisoned by a killer bee]
  3889 | D:4      | Reached skill level 9 in Short Blades
  4228 | D:5      | Entered Level 5 of the Dungeon
  4234 | D:5      | Found a sparkling altar of Nemelex Xobeh.
  4407 | D:5      | Found a staircase to the Ecumenical Temple.
  4416 | D:5      | Acquired Trog's third power
  4422 | Temple   | Entered the Ecumenical Temple
  4491 | D:5      | Found a radiant altar of Vehumet.
  4588 | D:5      | Got a pair of smoking boots
  4589 | D:5      | Identified the +1 pair of boots "Mnaqyuck" {Str+2 Dex+4} (You found it on level 5 of the Dungeon)
  4741 | D:5      | Reached skill level 10 in Short Blades
  5052 | D:6      | Noticed Zuul's ghost (experienced DsNe)
  5080 | D:6      | Found a sand-covered staircase.
  5092 | D:6      | Killed Zuul's ghost
  5092 | D:6      | Reached skill level 11 in Short Blades
  5092 | D:6      | Reached XP level 9. HP: 51/51 MP: 9/9
  5108 | Ossuary  | Entered an ossuary
  6282 | D:7      | Found a burning altar of Makhleb.
  6367 | D:7      | Noticed Menkaure
  6381 | D:7      | Killed Menkaure
  6387 | D:7      | Found a white marble altar of Elyvilon.
  6393 | D:7      | Noticed HOllOWCh4rg3's ghost (experienced HuMo)
  6396 | D:7      | Paralysed by a giant eyeball for 4 turns
  6405 | D:7      | Paralysed by a giant eyeball for 2 turns
  6407 | D:7      | HP: 3/76 [hound (2)]
  6407 | D:7      | Slain by HOllOWCh4rg3's ghost

Action                   |  1- 3 |  4- 6 |  7- 9 || total
-------------------------+-------+-------+-------++-------
Melee: Short sword       |   165 |   136 |   177 ||   478
       Dagger            |       |       |   524 ||   524
Throw: Stone             |     2 |       |     1 ||     3
       Dart              |       |       |    33 ||    33
       Tomahawk          |       |       |     1 ||     1
Invok: Berserk           |     1 |     2 |     7 ||    10
       Trog's Hand       |       |     2 |     4 ||     6
       Brothers in Arms  |       |       |     2 ||     2
       Burn Spellbooks   |       |       |     1 ||     1
Evoke: Wand              |       |     1 |     3 ||     4
  Use: Scroll            |       |    12 |     7 ||    19
       Potion            |       |     3 |     5 ||     8
 Stab: Sleeping          |     1 |     6 |    17 ||    24
       Distracted        |     1 |       |       ||     1
